 Dungeon Crawl Stone Soup version 0.30-a0-358-g0d69a1922f (webtiles) character file.

Game seed: 17792391360144228402

6619 jlumianski the Lightning Rod (level 10, -4/76 HPs)
             Began as a Demonspawn Fighter on Nov 9, 2022.
             Was a Follower of Qazlal.
             Hit by a javelin thrown by a minotaur (12 damage)
             ... in a Gauntlet.
             The game lasted 01:02:18 (10015 turns).

jlumianski the Lightning Rod (Demonspawn Fighter)  Turns: 10015, Time: 01:02:18

Health: -4/76      AC: 33    Str: 22    XL:     10   Next: 72%
Magic:  16/16      EV:  5    Int: 17    God:    Qazlal [*.....]
Gold:   364        SH: 19    Dex:  9    Spells: 9/9 levels left

rFire   . . .      SeeInvis +    s - +11 sling of the Forging Gods {flame, *Slow Int+8 Dex-3 SInv}
rCold   . . .      Faith    .    i - +0 tower shield
rNeg    . . .      Spirit   .    n - +0 chain mail
rPois   +          Reflect  .    (helmet restricted)
rElec   .          Harm     .    t - +0 cloak
rCorr   .          Rampage  .    b - +1 pair of gloves
Will    .....      NoTele   +    H - +2 pair of boots
Stlth   ..........               (no amulet)
HPRegen 0.32/turn                f - ring of poison resistance
MPRegen 0.30/turn                F - +4 ring of protection

@: sanguine armoured, studying Invocations
A: horns 1, magic regeneration, sanguine armour 3, condensation shield
a: Renounce Religion


You were in a Gauntlet.
You worshipped Qazlal.
Qazlal was aware of your devotion.
You visited 2 branches of the dungeon, and saw 12 of its levels.
You also visited: Gauntlet.

You collected 570 gold pieces.
You spent 206 gold pieces at shops.

Inventory:

Hand Weapons
 a - a +0 war axe
 s - the +11 sling of the Forging Gods (weapon) {flame, *Slow Int+8 Dex-3 SInv}
   (You found it on level 4 of the Dungeon)

   Any ammunition fired from it burns those it strikes, dealing additional fire
   damage.
   Int:       It affects your intelligence (+8).
   Dex:       It affects your dexterity (-3).
   SInv:      It lets you see invisible.
   *Slow:     It may slow you when you take damage.
Missiles
 r - 15 poisoned darts
 C - 14 curare-tipped darts
 G - 5 javelins
Armour
 b - a +1 pair of gloves (worn)
 i - a +0 tower shield (worn)
 n - a +0 chain mail (worn)
 t - a +0 cloak (worn)
 H - a +2 pair of boots (worn)
Jewellery
 f - a ring of poison resistance (left hand)
 F - a +4 ring of protection (right hand)
Wands
 p - a wand of flame (14)
 u - a wand of charming (14)
 D - a wand of mindburst (4)
Scrolls
 c - 2 scrolls of enchant weapon
 d - a scroll of blinking
 g - 2 scrolls of magic mapping
 q - a scroll of poison
 w - a scroll of silence
 y - a scroll of fear
 z - 2 scrolls of teleportation
 A - 4 scrolls of identify
 B - 2 scrolls of amnesia
 I - 2 scrolls of fog
Potions
 j - 5 potions of attraction
 k - a potion of cancellation
 l - a potion of lignification
 m - 2 potions of brilliance
 o - 3 potions of berserk rage
 x - 6 potions of flight
 J - a potion of magic
Miscellaneous
 h - a piece from Xom's chessboard (15/15)


   Skills:
 + Level 5.7 Fighting
 + Level 5.3 Axes
 + Level 7.2 Ranged Weapons
 + Level 6.8 Armour
 + Level 2.3 Dodging
 + Level 0.5 Stealth
 + Level 6.4 Shields
 * Level 8.4 Invocations
 * Level 5.0 Evocations


You had 9 spell levels left.
You didn't know any spells.
Your spell library contained the following spells:

 Spells                   Type           Power      Damage    Failure   Level
 Necrotise                Necr           0%         1d4       100%        1
 Slow                     Hex            0%         N/A       100%        1
 Blink                    Tloc           0%         N/A       100%        2
 Ensorcelled Hibernation  Hex/Ice        0%         N/A       100%        2
 Sublimation of Blood     Necr           0%         N/A       100%        2
 Wereblood                Tmut           0%         N/A       100%        2
 Confusing Touch          Hex            0%         N/A       100%        3
 Dazzling Flash           Conj/Hex       0%         N/A       100%        3
 Inner Flame              Hex/Fire       0%         N/A       100%        3
 Spider Form              Tmut/Pois      0%         N/A       100%        3
 Vampiric Draining        Necr           0%         2d6       100%        3
 Anguish                  Hex/Necr       0%         N/A       100%        4
 Cause Fear               Hex            0%         N/A       100%        4
 Flame Wave               Conj/Fire      0%         2d4       100%        4
 Manifold Assault         Tloc           0%         N/A       100%        4
 Sticky Flame             Conj/Fire      0%         2d3       100%        4
 Agony                    Necr           0%         N/A       100%        5
 Silence                  Hex/Air        0%         N/A       100%        5
 Conjure Ball Lightning   Conj/Air       0%         3x3d6     100%        6
 Dragon Form              Tmut           0%         N/A       100%        7
 Storm Form               Tmut/Air       0%         N/A       100%        7
 Summon Hydra             Summ           0%         N/A       100%        7
 Discord                  Hex            0%         N/A       100%        8
 Disjunction              Tloc           0%         N/A       100%        8
 Dragon's Call            Summ           0%         N/A       100%        9


Dungeon Overview and Level Annotations

Branches:
Dungeon (11/15)            Temple (0/1) D:5            Lair (1/5) D:8
Gauntlet (1/1)
    Orc: D:9-12

Altars:
Ashenzari
Cheibriados
Fedhas
Gozag
Kikubaaqudgha
Okawaru
Qazlal
Ru
Trog
Wu Jian
Yredelemnul

Shops:
D:4 [

Annotations:
D:10 1 transporter Gauntlet 6 transporters, 15 runed translucent doors


Innate Abilities, Weirdness & Mutations

You have a pair of small horns on your head.
You regenerate magic rapidly.
When seriously injured, your blood forms very thick armour. (AC +12)
A meltable shield of frost defends you. (SH +4)


Message History

The +11 sling of the Forging Gods {flame, *Slow Int+8 Dex-3 SInv} stops flaming.
a - a +0 war axe (weapon)
The minotaur throws a javelin.
The javelin pierces through you.
* * * LOW HITPOINT WARNING * * *
Okay, then.
Unknown command.
You feel better.
You feel clever.
You feel clumsy.
The +11 sling of the Forging Gods {flame, *Slow Int+8 Dex-3 SInv} bursts into flame!
s - the +11 sling of the Forging Gods (weapon)
{flame, *Slow Int+8 Dex-3 SInv} Fire: s) +11 sling of the Forging Gods {flame, *Slow Int+8 Dex-3 SInv}
Press: ? - help, Q - select action, (/) - cycle Shift-Dir - straight line, f/p - minotaur
Aim: a minotaur, wielding the +8 spear "Cocrehub" {holy, rF++ rC- MP+9 Stlth+}, wearing a +0 chain mail and quivering javelins (moderately wounded, 78% to hit)
You shoot a sling bullet.
The sling bullet hits the minotaur but does no damage.
The minotaur is moderately wounded.
The minotaur throws a javelin.
The javelin barely misses you.
Do you really want to go berserk while wielding the +11 sling of the Forging Gods {flame, *Slow Int+8 Dex-3 SInv}? [Y]es or [N]o only, please.
Do you really want to go berserk while wielding the +11 sling of the Forging Gods {flame, *Slow Int+8 Dex-3 SInv}?
Okay, then.
Unknown command.
Unknown command.
The minotaur throws a javelin.
The javelin pierces through you.
* * * LOW HITPOINT WARNING * * *
Fire: s) +11 sling of the Forging Gods {flame, *Slow Int+8 Dex-3 SInv}
Press: ? - help, Q - select action, (/) - cycle Shift-Dir - straight line, f/p - minotaur
Aim: a minotaur, wielding the +8 spear "Cocrehub" {holy, rF++ rC- MP+9 Stlth+}, wearing a +0 chain mail and quivering javelins (lightly wounded, 78% to hit)
You shoot a sling bullet. The sling bullet hits the minotaur.
The minotaur is moderately wounded.
The minotaur throws a javelin.
The javelin pierces through you!
* * * LOW HITPOINT WARNING * * *
Blink to where?
Press: ? - help, Dir - move target, p - minotaur
As you read the scroll of blinking, it crumbles to dust.
The minotaur throws a javelin.
The javelin pierces through you but does no damage.
The minotaur throws a javelin.
The javelin pierces through you!
You die...

#§# ##.. #≈.. ##..
#≈.. ######..
##########..##≈..
####......H.#..###..
#..@.######.#..##≈..
#.####....#.#..###..
#.#..H.##.#.#....#..
#...#####.#.#.).©#..
#.###⌠.⌠#.#.#....#.∩
#.# #.∩.#.#.H..).#..
#.# ⌠.⌠#.#.#...©#..
#.#.##.##H#.#....#..
#.#...§##.#.#.H###..


You could see a minotaur.

Vanquished Creatures
  A catoblepas (Gauntlet)
  A molten gargoyle (Gauntlet)
  A gargoyle (Gauntlet)
  A kobold demonologist (D:9)
  The ghost of freelancePsychic the Ruffian, an amateur TrBr of Wu Jian (D:5)
  3 yaks
  A swamp worm (shapeshifter) (Gauntlet)
  A water moccasin (D:8)
  A black bear (D:5)
  3 orc warriors
  2 ice beasts
  3 ogres
  6 centaurs
  7 phantoms
  3 kobold brigands
  A bullfrog (D:5)
  3 scorpions
  2 gnoll sergeants
  4 necrophages
  11 killer bees
  2 howler monkeys (D:9)
  A bullfrog zombie (D:4)
  2 hounds
  A jelly (D:4)
  5 orc priests
  A bullfrog skeleton (D:4)
  Natasha (thrice) (D:4)
  4 iguanas
  10 orc wizards
  2 hound zombies (D:4)
  4 hound skeletons (D:4)
  5 adders
  12 gnolls
  2 adder skeletons (D:4)
  3 adder zombies (D:4)
  2 worms
  2 dart slugs
  31 orcs
  3 ball pythons (D:2)
  10 endoplasms
  4 giant cockroaches
  7 goblins
  8 hobgoblins
  3 jackals (D:1)
  18 kobolds
  2 quokkas
  6 bats
  2 frilled lizards
  A quokka zombie (D:4)
  8 rats
220 creatures vanquished.

Vanquished Creatures (others)
  An orc (D:3)
  3 fungi (D:5)
  A plant (D:5)
5 creatures vanquished.

Grand Total: 225 creatures vanquished

Notes
Turn   | Place    | Note
-------+----------+-------------------------------------------
     0 | D:1      | jlumianski the Demonspawn Fighter began the quest for the
                  | Orb.
     0 | D:1      | Reached XP level 1. HP: 18/18 MP: 1/1
   239 | D:1      | Gained mutation: You have a pair of small horns on your
                  | head. [demonic ancestry]
   239 | D:1      | Reached XP level 2. HP: 19/24 MP: 2/2
   911 | D:1      | Reached XP level 3. HP: 29/29 MP: 3/3
  1653 | D:1      | Gained mutation: When seriously injured, your blood forms
                  | armour. (AC +12) [demonic ancestry]
  1653 | D:1      | Reached XP level 4. HP: 26/35 MP: 4/4
  2424 | D:4      | Noticed a phantom
  2429 | D:4      | Noticed a phantom
  2449 | D:3      | Killed a phantom
  2450 | D:3      | Gained mutation: A meltable shield of frost defends you.
                  | (SH +4) [demonic ancestry]
  2450 | D:3      | Reached XP level 5. HP: 21/41 MP: 5/5
  2551 | D:3      | Killed a phantom
  2622 | D:3      | Reached XP level 6. HP: 15/48 MP: 6/6
  2920 | D:4      | Reached skill level 1 in Dodging
  3006 | D:4      | Gained mutation: When seriously injured, your blood forms
                  | thick armour. (AC +12) [demonic ancestry]
  3006 | D:4      | Reached XP level 7. HP: 52/53 MP: 7/7
  3061 | D:4      | Found Zogy's Antique Armour Shop.
  3078 | D:4      | Bought a pair of boots for 103 gold pieces
  3370 | D:3      | Found a basalt altar of Yredelemnul.
  3533 | D:3      | Found an ancient bone altar of Kikubaaqudgha.
  3538 | D:3      | Found a broken altar of Ashenzari.
  3542 | D:3      | Found an opulent altar of Gozag.
  3545 | D:3      | Found a snail-covered altar of Cheibriados.
  3550 | D:3      | Found a sacrificial altar of Ru.
  3552 | D:3      | Found a bloodstained altar of Trog.
  3758 | D:3      | Found a blossoming altar of Fedhas.
  3761 | D:3      | Found an ornate altar of the Wu Jian Council.
  3761 | D:3      | Found an iron altar of Okawaru.
  3762 | D:3      | Found a faded altar of an unknown god.
  3870 | D:3      | Noticed an angel
  3906 | D:4      | Identified the +11 sling of the Forging Gods {flame, *Slow
                  | Int+8 Dex-3 SInv}
  3996 | D:4      | Reached skill level 5 in Axes
  4114 | D:4      | Noticed Natasha
  4125 | D:4      | Killed Natasha
  4240 | D:4      | Noticed Natasha
  4244 | D:4      | Killed Natasha
  4285 | D:4      | Reached skill level 1 in Ranged Weapons
  4296 | D:4      | Reached skill level 5 in Armour
  4381 | D:5      | Entered Level 5 of the Dungeon
  4414 | D:5      | Found a stormy altar of Qazlal.
  4422 | D:5      | Became a worshipper of Qazlal Stormbringer
  4770 | D:4      | Noticed Natasha
  4775 | D:4      | Killed Natasha
  4878 | D:5      | Gained mutation: You regenerate magic rapidly. [demonic
                  | ancestry]
  4878 | D:5      | Reached XP level 8. HP: 55/60 MP: 8/8
  5256 | D:5      | Found a staircase to the Ecumenical Temple.
  5339 | D:5      | Found a runed translucent gate.
  5339 | D:5      | Found a runed translucent gate.
  5341 | D:5      | Found a runed translucent gate.
  5341 | D:5      | Noticed freelancePsychic's ghost (amateur TrBr)
  5643 | D:5      | Reached skill level 1 in Invocations
  5706 | D:5      | Reached skill level 1 in Evocations
  6081 | D:5      | Killed freelancePsychic's ghost
  6082 | D:5      | Reached skill level 5 in Ranged Weapons
  6082 | D:5      | Reached skill level 2 in Invocations
  6269 | D:5      | Gained mutation: When seriously injured, your blood forms
                  | very thick armour. (AC +12) [demonic ancestry]
  6269 | D:5      | Reached XP level 9. HP: 57/67 MP: 10/10
  6511 | D:7      | Noticed Prince Ribbit
  6521 | D:6      | Reached skill level 3 in Invocations
  6521 | D:6      | Reached * piety under Qazlal
  6666 | D:6      | Reached skill level 5 in Fighting
  6666 | D:6      | Reached skill level 5 in Shields
  6965 | D:6      | Identified a scroll of acquirement
  6965 | D:6      | Acquired a manual of Invocations
  7095 | D:8      | Reached skill level 4 in Invocations
  7182 | D:7      | Reached skill level 5 in Invocations
  7365 | D:8      | Found a staircase to the Lair.
  7608 | D:8      | Reached skill level 6 in Invocations
  7816 | D:9      | Reached XP level 10. HP: 67/74 MP: 14/14
  7846 | D:8      | Reached ** piety under Qazlal
  8228 | D:4      | Bought a pair of gloves for 103 gold pieces
  8345 | Lair:1   | Entered Level 1 of the Lair of Beasts
  8501 | D:10     | Entered Level 10 of the Dungeon
  8831 | D:9      | Reached skill level 7 in Invocations
  9395 | D:10     | Found a transporter.
  9422 | D:11     | Found a gate leading to a gauntlet.
  9458 | Gauntlet | Entered a Gauntlet
  9458 | Gauntlet | Found a transporter.
  9458 | Gauntlet | Found a transporter.
  9458 | Gauntlet | Found a transporter.
  9460 | Gauntlet | Found a transporter.
  9463 | Gauntlet | Found a transporter.
  9463 | Gauntlet | Noticed a moth of wrath
  9464 | Gauntlet | Found a transporter.
  9468 | Gauntlet | Found a runed translucent door.
  9470 | Gauntlet | Found a transporter.
  9473 | Gauntlet | a jumping spider changed into a moth of wrath
  9473 | Gauntlet | Noticed a moth of wrath (shapeshifter)
  9474 | Gauntlet | a moth of wrath changed into a salamander
  9474 | Gauntlet | Noticed a salamander (shapeshifter)
  9479 | Gauntlet | a salamander changed into a yak
  9498 | Gauntlet | Found a transporter.
  9499 | Gauntlet | Found a transporter.
  9501 | Gauntlet | Found a large runed translucent door.
  9501 | Gauntlet | Found a transporter.
  9502 | Gauntlet | Found a large runed translucent door.
  9503 | Gauntlet | Found a large runed translucent door.
  9503 | Gauntlet | Found a large runed translucent door.
  9503 | Gauntlet | Found a runed translucent door.
  9503 | Gauntlet | Found a runed translucent door.
  9504 | Gauntlet | Found a large runed translucent door.
  9505 | Gauntlet | Found a large runed translucent door.
  9506 | Gauntlet | Found a large runed translucent door.
  9506 | Gauntlet | Found a large runed translucent door.
  9506 | Gauntlet | Found a large runed translucent door.
  9506 | Gauntlet | Found a large runed translucent door.
  9507 | Gauntlet | Found a large runed translucent door.
  9508 | Gauntlet | Found a large runed translucent door.
  9514 | Gauntlet | Found a runed translucent door.
  9515 | Gauntlet | Found a large runed translucent door.
  9515 | Gauntlet | Found a large runed translucent door.
  9516 | Gauntlet | Found a runed translucent gate.
  9516 | Gauntlet | Found a runed translucent gate.
  9516 | Gauntlet | Noticed a catoblepas
  9517 | Gauntlet | Noticed a gargoyle
  9518 | Gauntlet | Found a transporter.
  9518 | Gauntlet | Found a transporter.
  9524 | Gauntlet | Noticed a molten gargoyle
  9528 | Gauntlet | Found a runed translucent gate.
  9530 | Gauntlet | Found a large runed translucent door.
  9531 | Gauntlet | Found a large runed translucent door.
  9692 | Gauntlet | Killed a gargoyle
  9695 | Gauntlet | Killed a molten gargoyle
  9696 | Gauntlet | Reached skill level 8 in Invocations
  9698 | Gauntlet | Killed a catoblepas
  9699 | Gauntlet | Reached skill level 5 in Evocations
  9947 | Gauntlet | Identified the +8 spear "Cocrehub" {holy, rF++ rC- MP+9
                  | Stlth+}
  9947 | Gauntlet | Noticed a minotaur
 10001 | Gauntlet | HP: 3/76 [minotaur/javelin (14)]
 10015 | Gauntlet | Hit by a javelin thrown by a minotaur

Illustrated notes

Levels and vault maps discovered:
D:1:      minmay_arrival_glassed_features, layout_loops_corners
D:2:      layout_basic
D:3:      layout_loops_cross, grunt_temple_overflow_holy_war,
          nicolae_overflow_hallway_of_the_gods,
          chequers_temple_overflow_statue_of_worship,
          hellmonk_ecumenical_altar_lost_god
D:4:      layout_loops_corners, serial_undead, serial_undead_d, serial_undead_e,
          serial_undead_d, serial_undead_d, serial_undead_d, serial_undead_b,
          serial_shops, shop, gup_sewer_entry_bowl, uniq_natasha
D:5:      layout_basic, mainiacjoe_overflow_surrounded_room,
          minmay_temple_entry_poolview, gammafunk_ghost_nasty_kobolds
D:6:      layout_cave_pools
D:7:      layout_basic, uniq_prince_ribbit1
D:8:      layout_rooms, lair_entry_dummy
D:9:      layout_basic
D:10:     layout_long_grid, nicolae_transporter_circle
D:11:     kennysheep_big_flooded_room, layout_gridville, gauntlet_entry_generic,
          grunt_tough_drop
Lair:1:   layout_cave_pods, basic_altar, cheibrodos_lair_lostbears, uniq_amaemon
Gauntlet: minmay_gauntlet_mixed_big_or_small [nicolae_gauntlet_arena_blocks,
          minmay_gauntlet_arena_77_chump_sandwich, nicolae_gauntlet_arena_x,
          minmay_gauntlet_arena_77_shame_cube,
          minmay_gauntlet_arena_make_your_own_arena,
          minmay_gauntlet_arena_77_squiggly, dreamdust_gauntlet_exit_labyrinth]

Skill      XL: |  1  2  3  4  5  6  7  8  9 10 |
---------------+-------------------------------+-----
Axes           | 2 3 4 5 |  5.3
Shields        | 3 4 5 6 |  6.4
Armour         | 3 4 5 6 |  6.8
Dodging        | 1 2 |  2.3
Fighting       | 4 5 |  5.7
Ranged Weapons | 2 5 6 7 |  7.2
Invocations    | 2 6 8 |  8.4
Evocations     | 1 3 5 |  5.0
Stealth        | |  0.5

Action                   |  1- 3 |  4- 6 |  7- 9 | 10-12 || total
-------------------------+-------+-------+-------+-------++-------
Melee: War axe           |    90 |   131 |    74 |       ||   295
       Headbutt          |     7 |    20 |    15 |       ||    42
 Fire: Sling             |       |       |   276 |   141 ||   417
Throw: Stone             |     2 |       |       |       ||     2
Invok: Upheaval          |       |       |       |     5 ||     5
Evoke: Wand              |       |       |       |     5 ||     5
  Use: Scroll            |     3 |     2 |    14 |     8 ||    27
       Potion            |     1 |     1 |     5 |     2 ||     9
Armor: Scale mail        |    58 |    65 |     7 |       ||   130
       Chain mail        |       |       |   149 |   130 ||   279
Dodge: Dodged            |    41 |    46 |    41 |    41 ||   169
Block: Buckler           |    26 |    52 |     1 |       ||    79
       Tower shield      |       |       |   330 |   235 ||   565

Table legend: (Time is in decaauts)
 A = Elapsed time spent in this place.
 B = Non-inter-level travel time spent in this place.
 C = Inter-level travel time spent in this place.
 D = Time resting spent in this place.
 E = Time spent auto-exploring this place.
 F = Levels seen in this place.
 G = Mean time per level.
                   A        B        C        D        E       F      G
               +--------+--------+--------+--------+--------+-----+--------+
         Total |  10546 |  10090 |    456 |   1404 |   4550 |  13 |  811.2 |
       Dungeon |   9959 |   9503 |    456 |   1241 |   4550 |  11 |  905.4 |
          Lair |     20 |     20 |      0 |      0 |      0 |   1 |   20.0 |
      Gauntlet |    566 |    566 |      0 |    163 |      0 |   1 |  566.0 |
               +--------+--------+--------+--------+--------+-----+--------+

Top non-repeatable levels by time:
     D:4: 1678 daAuts
     D:5: 1477 daAuts
     D:3: 1293 daAuts
     D:1: 1282 daAuts
     D:2: 1051 daAuts
     D:9: 892 daAuts
     D:6: 779 daAuts
     D:8: 730 daAuts
Gauntlet: 566 daAuts
     D:7: 449 daAuts
    D:10: 257 daAuts
    D:11: 65 daAuts
  Lair:1: 20 daAuts
